 Dungeon Crawl Stone Soup version 0.31-a0-1074-g0b22e4e0f1 (webtiles) character file.

Game seed: 12391151193709039057

234 BigPumpCobain the Ruffian (level 5, -4/40 HPs)
             Began as a Draconian Shapeshifter on Dec 6, 2023.
             Slain by a gnoll
             ... wielding a +0 spear
              (8 damage)
             ... on level 4 of the Dungeon.
             The game lasted 00:05:23 (2423 turns).

BigPumpCobain the Ruffian (Draconian Shapeshifter)  Turns: 2423, Time: 00:05:25

Health: -4/40      AC:  5    Str: 18    XL:     5   Next: 75%
Magic:  5/5        EV: 12    Int: 10    God:
Gold:   92         SH:  5    Dex: 11    Spells: 4/4 levels left

rFire   . . .        r - +2 short sword (speed)
rCold   . . .        (no shield)
rNeg    . . .        (body armour unavailable)
rPois   .            (helmet currently unavailable)
rElec   .            (cloak currently unavailable)
rCorr   .            (gloves currently unavailable)
SInv    .            (boots currently unavailable)
Will    .....        i - amulet of reflection
Stlth   +            g - +4 ring of slaying
HPRegen 0.26/turn    m - +4 ring of protection
MPRegen 0.09/turn

%: reflection
@: beast-form, corroded
A: beast (slay +1), AC +5, unfitting armour, cold-blooded
a: Begin Untransformation


You were on level 4 of the Dungeon.
You were a hulking beast.
You visited 1 branch of the dungeon, and saw 4 of its levels.

You collected 92 gold pieces.

Inventory:

Hand Weapons
 d - a +2 short sword of draining
 r - a +2 short sword of speed (weapon)
Missiles
 p - 3 poisoned darts
Jewellery
 g - a +4 ring of slaying (left hand)
 i - an amulet of reflection (around neck)
 m - a +4 ring of protection (right hand)
Talismans
 b - a beast talisman
 c - a flux talisman
Wands
 k - a wand of polymorph (10)
 s - a wand of paralysis (6)
Scrolls
 f - 2 scrolls of amnesia {unknown}
 j - a scroll of fear {unknown}
 l - a scroll of enchant armour {unknown}
 q - a scroll of acquirement {unknown}
 u - a scroll of teleportation {unknown}
Potions
 a - 4 potions of lignification
 e - a potion of mutation {unknown}
 h - 2 potions of attraction {unknown}
 n - a potion of curing {unknown}
 o - a potion of degeneration {unknown}
 t - a potion of invisibility {unknown}


   Skills:
 - Level 1.1 Fighting
 - Level 1.7 Dodging
 + Level 6.5 Unarmed Combat
 - Level 3.0 Shapeshifting


You had 4 spell levels left.
You didn't know any spells.
Your spell library contained the following spells:

 Spells                   Type           Power      Damage    Failure   Level
 Sandblast                Erth           0%         2d4       36%         1
 Passwall                 Tmut/Erth      0%         N/A       50%         2
 Stone Arrow              Conj/Erth      0%         3d7       75%         3
 Brom's Barrelling Bould  Conj/Erth      0%         2d3       98%         4


Dungeon Overview and Level Annotations

Branches:
Dungeon (4/15)
 Temple: D:4-7

Altars:
Fedhas
Kikubaaqudgha

Shops:
D:1 [


Innate Abilities, Weirdness & Mutations

You are a hulking beast.
Your limbs bulge with bestial killing power. (Slay +1)
Your plain brown scales are hard. (AC +5)
You cannot fit into any form of body armour.
You are cold-blooded and may be slowed by cold attacks.


Message History

The hound is almost dead.
The hound bites you but does no damage.
An ogre comes into view. It is wielding a +0 giant club.
You hit the hound.
You kill the hound!
You puncture the hobgoblin!
You kill the hobgoblin!
The gnoll hits you from afar with a +0 spear.
You closely miss the gnoll. The gnoll hits you but does no damage.
The gnoll closely misses you.
You puncture the jelly! The acid corrodes you!
Your hands burn!
The jelly is heavily wounded.
You hit the jelly but do no damage.
Your hands burn!
You tail-slap the jelly.
The jelly is heavily wounded.
The gnoll barely misses you. The gnoll closely misses you.
The jelly jiggles.
The jelly barely misses you.
You hit the jelly.
Your hands burn!
You tail-slap the jelly.
You kill the jelly!
The gnoll hits you from afar with a +0 spear.
The gnoll barely misses you. The gnoll closely misses you.
You hit the gnoll. You punch the gnoll.
The gnoll is almost dead.
You hit the gnoll.
You kill the gnoll!
The gnoll closely misses you. The gnoll misses you.
You barely miss the gnoll. Your punch misses the gnoll.
The quokka closely misses you. The gnoll misses you.
The gnoll barely misses you.
You hit the ogre.
The ogre is lightly wounded.
The quokka misses you.
You hit the ogre.
The ogre is moderately wounded.
The gnoll misses you.
The ogre hits you with a +0 giant club!!
Ouch! That really hurt!
* * * LOW HITPOINT WARNING * * *
The gnoll hits you from afar with a +0 spear!
You die...

.. .......
.. ##
.......
.##.#...$.##
...........
..........
#.......
#.rOg# #.
##.hg.##...
#..........
#..........
##<..####.?
##.## . ###


You could see an ogre, 2 gnolls and a quokka.

Vanquished Creatures
  A jelly (D:4)
  A hound (D:4)
  Natasha (thrice) (D:2)
  2 gnolls
  An adder (D:3)
  A worm (D:2)
  2 dart slugs (D:1)
  2 orcs (D:3)
  7 endoplasms
  5 giant cockroaches
  6 goblins
  7 hobgoblins
  5 quokkas
  3 ball pythons
  3 bats
  5 frilled lizards
  6 kobolds
  5 rats
65 creatures vanquished.

Notes
Turn   | Place    | Note
-------+----------+-------------------------------------------
     0 | D:1      | BigPumpCobain the Draconian Shapeshifter began the quest
                  | for the Orb.
     0 | D:1      | Reached XP level 1. HP: 16/16 MP: 1/1
   157 | D:1      | Reached XP level 2. HP: 19/23 MP: 2/2
   444 | D:1      | Reached skill level 4 in Unarmed Combat
   444 | D:1      | Reached XP level 3. HP: 24/28 MP: 3/3
   478 | D:1      | Found a faded altar of an unknown god.
   800 | D:1      | Found Xutab's Armour Shoppe.
   872 | D:2      | Noticed Natasha
   876 | D:2      | Killed Natasha
   966 | D:2      | Reached XP level 4. HP: 35/35 MP: 4/4
   969 | D:2      | Noticed Natasha
   973 | D:2      | Killed Natasha
   974 | D:2      | Reached skill level 5 in Unarmed Combat
  1017 | D:2      | Noticed Natasha
  1021 | D:2      | Killed Natasha
  1641 | D:3      | Reached XP level 5. HP: 40/40 MP: 5/5
  1694 | D:3      | Found a blossoming altar of Fedhas.
  1698 | D:3      | Found an ancient bone altar of Kikubaaqudgha.
  1999 | D:3      | Reached skill level 6 in Unarmed Combat
  2412 | D:4      | Noticed an ogre
  2423 | D:4      | Slain by a gnoll

Illustrated notes

Levels and vault maps discovered:
D:1:      amcnicky_arrival_gap_in_the_tavern_cellar, layout_basic, serial_shops,
          shop, shapermc_ecumenical_altar_starsandcircs
D:2:      layout_loops_cross, uniq_natasha
D:3:      layout_basic, grunt_temple_overflow_growth_and_decay, minmay_quantized
D:4:      layout_cave_pools, nicolae_elyvilon_temple_path, xom_butterflies,
          serial_rivers, chequers_serial_rivers_small_a,
          chequers_serial_rivers_small_a, chequers_serial_rivers_micro_c,
          chequers_serial_rivers_micro_b, uniq_duvessa, uniq_edmund

Skill      XL: |  1  2  3  4  5 |
---------------+----------------+-----
Unarmed Combat | 4 5 6 |  6.5
Fighting       | |  1.1
Dodging        | |  1.7
Shapeshifting  | |  3.0

Action                     |  1- 3 |  4- 6 || total
---------------------------+-------+-------++-------
  Melee: Unarmed           |     9 |       ||     9
         Short sword       |    44 |    91 ||   135
         Tailslap          |     4 |    11 ||    15
         Punch             |     1 |     2 ||     3
 Armour: Skin              |    19 |    34 ||    53
  Dodge: Dodged            |    24 |    43 ||    67
  Block: Other             |     5 |    12 ||    17
         Reflection        |       |     2 ||     2

Table legend: (Time is in decaauts)
 A = Elapsed time spent in this place.
 B = Non-inter-level travel time spent in this place.
 C = Inter-level travel time spent in this place.
 D = Time resting spent in this place.
 E = Time spent auto-exploring this place.
 F = Levels seen in this place.
 G = Mean time per level.
                   A        B        C        D        E       F      G
               +--------+--------+--------+--------+--------+-----+--------+
         Total |   2412 |   2268 |    144 |      0 |   1904 |   4 |  603.0 |
       Dungeon |   2412 |   2268 |    144 |      0 |   1904 |   4 |  603.0 |
               +--------+--------+--------+--------+--------+-----+--------+

Top non-repeatable levels by time:
     D:1: 864 daAuts
     D:3: 823 daAuts
     D:2: 710 daAuts
     D:4: 14 daAuts
